 Dungeon Crawl Stone Soup version 0.23-a0-275-g0cf4261 (webtiles) character file.

5250 namelastname112 the Covert (level 10, -8/87 (88) HPs)
             Began as a Green Draconian Assassin on Oct 2, 2018.
             Was a Believer of Ru.
             Killed from afar by a gargoyle (15 damage)
             ... with a stone arrow
             ... on level 11 of the Dungeon.
             The game lasted 00:20:47 (12711 turns).

namelastname112 the Covert (DrAs)                  Turns: 12711, Time: 00:20:47

HP:   -8/87 (88)    AC: 12    Str: 14    XL:     10   Next: 36%
MP:   10/10         EV: 17    Int: 11    God:    Ru [**....]
Gold: 557           SH:  0    Dex: 20    Spells: 9/9 levels left

rFire    . . .     SeeInvis .   u - +2 dagger (drain)
rCold    . . .     Gourm    .   (no shield)
rNeg     . . .     Faith    +   (armour unavailable)
rPois    +         Spirit   .   (helmet restricted)
rElec    .         Reflect  .   c - +0 cloak
rCorr    .         Harm     .   j - +1 pair of gloves
MR       .....                  r - +1 pair of boots
Stlth    ++++++....             n - amulet of faith
HPRegen  0.24/turn              t - +4 ring of dexterity
MPRegen  0.12/turn              y - ring of stealth

@: no status effects
A: breathe noxious fumes, unfitting armour, poison resistance, cold-blooded,
inexperienced 1, AC +7
a: Breathe Noxious Fumes, Renounce Religion


You were on level 11 of the Dungeon.
You worshipped Ru.
Ru was pleased with you.
You were very hungry.

You visited 2 branches of the dungeon, and saw 12 of its levels.

You collected 557 gold pieces.

Inventory:

Hand Weapons
 b - a +0 blowgun
 u - a +2 dagger of draining (weapon)
Missiles
 d - 50 poisoned needles
 e - 2 curare-tipped needles
Armour
 c - a +0 cloak (worn)
 j - a +1 pair of gloves (worn)
 r - a +1 pair of boots (worn)
Jewellery
 n - an amulet of faith (around neck)
 t - a +4 ring of dexterity (left hand)
 y - a ring of stealth (right hand)
 H - an uncursed ring of fire
Wands
 s - a wand of flame (38)
 w - a wand of disintegration (4)
 D - a wand of acid (1)
 E - a wand of iceblast (6)
 F - a wand of random effects (19)
Scrolls
 g - a scroll of amnesia
 i - 4 scrolls of blinking
 m - 6 scrolls of magic mapping
 C - a scroll of fear
 G - 3 scrolls of teleportation
 I - 2 scrolls of identify
Potions
 a - a potion of cancellation {unknown}
 h - a potion of flight
 k - 3 potions of mutation
 l - 5 potions of curing
 o - a potion of agility
 p - a potion of brilliance
 q - 2 potions of lignification {unknown}
 v - 3 potions of haste {unknown}
 x - a potion of degeneration {unknown}
 A - a potion of magic {unknown}
 B - 2 potions of ambrosia {unknown}
Comestibles
 f - 16 rations


   Skills:
 + Level 7.8 Fighting
 * Level 9.9 Short Blades
 + Level 6.5 Throwing
 + Level 6.2 Dodging
 * Level 10.4 Stealth


You had 9 spell levels left.
You didn't know any spells.
Your spell library contained the following spells:

 Spells                   Type           Power        Failure   Level  Hunger
 Infusion                 Chrm           #...         34%         1    ##.....
 Shroud of Golubria       Chrm/Tloc      #.........   47%         2    ###....
 Song of Slaying          Chrm           #.......     47%         2    ###....
 Regeneration             Chrm/Necr      #.........   71%         3    ####...
 Spectral Weapon          Hex/Chrm       #.......     71%         3    ####...
 Cause Fear               Hex            #.........   98%         4    #####..
 Silence                  Hex/Air        #.........   100%        5    ######.
 Yara's Violent Unravell  Hex/Tmut       #.........   100%        5    ######.
 Deflect Missiles         Chrm/Air       #.........   100%        6    #######
 Discord                  Hex            #.........   100%        8    #######


Dungeon Overview and Level Annotations

Branches:
Dungeon (11/15)            Temple (1/1) D:4            Lair (0/6) D:10
    Orc (0/2) D:10

Altars:
Ashenzari
Cheibriados
Dithmenos
Elyvilon
Fedhas
Gozag
Hepliaklqana
Kikubaaqudgha
Makhleb
Nemelex Xobeh
Okawaru
Qazlal
Ru
Sif Muna
Trog
Uskayaw
Vehumet
Wu Jian
Xom
Yredelemnul
Zin
The Shining One

Shops:
D:7 *   D:9 (   D:10 (


Innate Abilities, Weirdness & Mutations

You can breathe blasts of noxious fumes.
Your lurid green scales are hard. (AC +7)
You cannot fit into any form of body armour.
Your system is resistant to poisons. (rPois)
You are cold-blooded and may be slowed by cold attacks.
You are somewhat inexperienced. (-2 XL)


Message History

You take 5 damage, and have 15/87 hp.
Evoke which item? (* to show all) (? for menu, Esc to quit)
Aiming: Corrosive Bolt
Press: ? - help, Shift-Dir - straight line, f/p - gargoyle
Aim: a gargoyle, wielding a mace (severely damaged, covered in acid)
The bolt of acid hits the gargoyle.
The gargoyle is splashed with acid.
The acid corrodes the gargoyle!
The gargoyle is almost destroyed.
The gargoyle hurls a stone arrow at you.
The stone arrow hits you!
* * * LOW HITPOINT WARNING * * *
You take 8 damage, and have 7/87 hp.
Evoke which item? (* to show all) (? for menu, Esc to quit)
Aiming: Random Effects
Press: ? - help, Shift-Dir - straight line, f/p - gargoyle
Aim: a gargoyle, wielding a mace (almost destroyed, covered in acid)
The gargoyle is unaffected.
The gargoyle hurls a stone arrow at you.
The stone arrow hits you!
You die...

#..............#
#..............#
###.........(....#
.................#
†................#
###############..#
...... ........#
...... ........#
...... .......@#
###### ######.9#
#..# #..# #..# .
...# # ####


You could see a gargoyle.

Vanquished Creatures
  2 unseen horrors
  A troll (D:11)
  2 tengu conjurers (D:9)
  A hornet (D:9)
  A slime creature (D:6)
  A hippogriff (D:11)
  Eustachio (D:6)
  A wyvern (D:11)
  22 yaks
  A hungry ghost (D:11)
  3 water moccasins
  A porcupine (D:10)
  A sky beast (D:9)
  4 orc warriors
  2 ice beasts (D:9)
  3 ogres
  An eye of draining (D:11)
  3 centaurs
  A necrophage (D:10)
  A crocodile (D:10)
  A big kobold (D:11)
  7 bullfrogs
  A wyvern skeleton (D:11)
  4 killer bees (D:9)
  4 scorpions
  A water moccasin skeleton (D:4)
  8 wights
  4 howler monkeys
  5 crimson imps
  3 bullfrog zombies
  6 hounds
  Crazy Yiuf (D:5)
  7 jellies
  7 orc priests
  2 bullfrog skeletons
  3 iguanas
  9 worker ants
  4 orc wizards
  A worker ant zombie (D:10)
  A howler monkey skeleton (D:5)
  12 adders
  7 gnolls
  3 shadow imps
  16 oozes (D:6)
  2 adder zombies (D:7)
  4 worms
  2 dart slugs (D:1)
  2 leopard geckos
  22 orcs
  9 bats
  5 giant cockroaches
  9 goblins
  4 hobgoblins
  20 jackals
  14 kobolds
  6 quokkas
  2 ball pythons
  6 frilled lizards
  A leopard gecko skeleton (D:5)
  A leopard gecko zombie (D:6)
  A quokka skeleton (D:7)
  4 rats
  A spectral orc (D:8)
285 creatures vanquished.

Vanquished Creatures (others)
  A big kobold (D:11)
  An orc wizard (D:4)
  7 fungi
  A plant (D:10)
10 creatures vanquished.

Grand Total: 295 creatures vanquished

Notes
Turn   | Place    | Note
-------+----------+-------------------------------------------
     0 | D:1      | namelastname112 the Draconian Assassin began the quest for
                  | the Orb.
     0 | D:1      | Reached XP level 1. HP: 17/17 MP: 1/1
    58 | D:1      | Reached skill level 1 in Dodging
   153 | D:1      | Reached XP level 2. HP: 24/24 MP: 2/2
   684 | D:2      | Reached skill level 4 in Stealth
   684 | D:2      | Reached XP level 3. HP: 20/30 MP: 3/3
   940 | D:2      | Found a hazy altar of Hepliaklqana.
   941 | D:2      | Found a shimmering altar of Xom.
   941 | D:2      | Noticed a wyvern
   942 | D:2      | Noticed a wyvern
   942 | D:2      | Noticed a spectral ugly thing
  1091 | D:2      | Reached XP level 4. HP: 14/37 MP: 4/4
  1590 | D:3      | Found a shattered altar of Ashenzari.
  2036 | D:3      | HP: 1/37 [orc/morningstar of protection (2)]
  2539 | D:4      | Noticed a bullfrog
  2545 | D:4      | Killed a bullfrog
  2545 | D:4      | Reached XP level 5. HP: 36/45 MP: 5/5
  2770 | D:4      | Reached XP level 6. HP: 44/51 MP: 6/6
  2849 | D:4      | Reached skill level 5 in Stealth
  2959 | D:4      | Found a staircase to the Ecumenical Temple.
  2972 | Temple   | Entered the Ecumenical Temple
  3024 | Temple   | Became a worshipper of Ru the Awakened
  3434 | D:5      | Entered Level 5 of the Dungeon
  3645 | D:5      | Your scales start taking on a lurid green colour.
  3645 | D:5      | Reached XP level 7. HP: 57/57 MP: 7/7
  3645 | D:5      | Gained mutation: Your system is resistant to poisons.
                  | (rPois) [Green Draconian growth]
  3894 | D:5      | Found a white marble altar of Elyvilon.
  3934 | D:5      | epen: Опять сидит и в свой кравл ирает
  4030 | D:5      | Found a runed door.
  4326 | D:5      | Noticed Crazy Yiuf
  4330 | D:5      | Killed Crazy Yiuf
  4363 | D:6      | epen: полудурок в семье
  4463 | D:6      | Noticed Eustachio
  4498 | D:6      | Killed Eustachio
  4498 | D:6      | Reached skill level 5 in Short Blades
  4498 | D:6      | Reached skill level 6 in Stealth
  4514 | D:6      | Noticed a slime creature
  4621 | D:6      | Reached XP level 8. HP: 59/66 MP: 8/8
  4888 | D:6      | Killed a slime creature
  5092 | D:6      | Found an opulent altar of Gozag.
  5332 | D:6      | Reached skill level 7 in Stealth
  5828 | D:7      | Reached skill level 5 in Fighting
  6376 | D:7      | Found a shattered altar of Ashenzari.
  6433 | D:7      | Reached XP level 9. HP: 57/74 MP: 9/9
  6948 | D:7      | Found a deep blue altar of Sif Muna.
  7151 | D:7      | Found Loanun's General Store.
  7778 | D:8      | Killed an unseen horror
  7778 | D:8      | Reached skill level 5 in Throwing
  7778 | D:8      | Reached skill level 8 in Stealth
  8090 | D:8      | Found a glowing golden altar of the Shining One.
  8090 | D:8      | Found a glowing silver altar of Zin.
  8090 | D:8      | Found a white marble altar of Elyvilon.
  8512 | D:8      | Found a basalt altar of Yredelemnul.
  8613 | D:9      | Found Morhem's Weapon Emporium.
  8621 | D:9      | epen: 👿👿👿
  8740 | D:9      | epen: 😂😂😂
  8764 | D:9      | Reached XP level 10. HP: 60/84 MP: 10/10
  8881 | D:9      | Reached skill level 5 in Dodging
  9331 | D:9      | Reached skill level 9 in Stealth
  9585 | D:9      | Identified a scroll of acquirement
 10003 | D:10     | Entered Level 10 of the Dungeon
 10686 | D:10     | Found a staircase to the Lair.
 10858 | D:10     | Found a staircase to the Orcish Mines.
 10997 | D:10     | Found Ebit's Weapon Shop.
 11172 | D:10     | Gained mutation: You are somewhat inexperienced. (-2 XL)
                  | [Ru sacrifice]
 11172 | D:10     | Reached XP level 9. HP: 61/78 MP: 9/9
 11172 | D:10     | Reached XP level 8. HP: 61/72 MP: 8/8
 11172 | D:10     | Reached * piety under Ru
 11172 | D:10     | Reached ** piety under Ru
 11267 | D:10     | Got a scorched wooden ring
 11269 | D:10     | Identified the ring of Wioqaodd {*Corrode rPois Str+6} (You
                  | found it on level 10 of the Dungeon)
 11299 | D:11     | epen: 😂👌🔥💯💯
 11313 | D:11     | Noticed a troll
 11345 | D:11     | Reached XP level 9. HP: 49/78 MP: 9/9
 11366 | D:11     | Killed a troll
 11819 | D:11     | Reached skill level 10 in Stealth
 12283 | D:11     | Reached XP level 10. HP: 61/85 MP: 10/10
 12380 | D:11     | Noticed an unseen horror
 12391 | D:11     | Killed an unseen horror
 12684 | D:11     | Noticed a gargoyle
 12711 | D:11     | Killed from afar by a gargoyle

Vault maps used:
D:1:      ncdulo_lavacross, hex_medium
D:2:      regret_index_temple_of_mockery, serial_glass, glass_columns_a,
          glass_columns_c, glass_columns_b, glass_columns_a, glass_columns_a,
          glass_columns_a, glass_columns_c, glass_columns_a, first_ration
D:3:      kennysheep_cross_room, minmay_strange_pillars,
          hangedman_feature_mirror, cheibrodos_ashenzari_chains
D:4:      minmay_temple_entry_overgrown, minivault_23
D:5:      basic_altar, uniq_crazy_yiuf_cottage
D:6:      lemuel_slime, grunt_gozag_breadcrumbs, uniq_eustachio
D:7:      grunt_temple_overflow_open, serial_shops, kennysheep_mini
D:8:      good_gods_mini_temple, yredelemnul_forgotten_temple_becter
D:9:      serial_shops, shop
D:10:     grunt_lair_entry_orc_guard_hut, orc_0_dummy, serial_shops,
          kennysheep_mini_moat
Temple:   cyrus_circular_temple

Skill      XL: |  1  2  3  4  5  6  7  8  9 10 |
---------------+-------------------------------+-----
Dodging        | 1 2 3 6 5 |  6.2
Throwing       | 2 3 4 5 6 |  6.5
Stealth        | 4 5 6 7 10 9 | 10.4
Short Blades   | 3 4 5 6 8 9 |  9.9
Fighting       | 3 4 5 6 7 |  7.8

Action                   |  1- 3 |  4- 6 |  7- 9 | 10-12 || total
-------------------------+-------+-------+-------+-------++-------
Melee: Dagger            |   118 |   309 |  1003 |   559 ||  1989
       Tailslap          |    10 |    36 |   167 |    97 ||   310
 Fire: Blowgun           |       |    17 |       |       ||    17
Invok: Sacrifice Experie |       |       |     1 |       ||     1
       Reject Sacrifices |       |       |     1 |       ||     1
 Abil: Breathe Noxious F |       |       |     7 |     9 ||    16
Evoke: Wand              |       |       |       |    11 ||    11
  Use: Scroll            |       |    10 |     3 |     3 ||    16
       Potion            |       |       |       |     1 ||     1
 Stab: Sleeping          |     4 |     4 |    19 |     4 ||    31
       Distracted        |       |       |     5 |       ||     5
       Confused          |       |       |     9 |     8 ||    17
  Eat: Chunk             |       |     9 |    10 |     6 ||    25
       Ration            |       |       |     3 |     2 ||     5
Armor: Skin              |    43 |    77 |   297 |   124 ||   541
Dodge: Dodged            |    84 |   192 |   557 |   240 ||  1073

Table legend:
 A = Non-vault XP
 B = Vault XP
 C = Vault XP percentage of total XP
 D = Non-vault monster count
 E = Vault monster count
 F = Vault count percentage of total count
                 A         B        C        D         E       F
            +---------+---------+-------+---------+---------+-------
      Total |   13701 |    1412 |   9.3 |     255 |      32 |  11.1
            +---------+---------+-------+---------+---------+-------
        D:1 |      36 |       0 |   0.0 |      18 |       0 |   0.0
        D:2 |      79 |       0 |   0.0 |      13 |       0 |   0.0
        D:3 |      74 |       3 |   3.9 |      28 |       2 |   6.7
        D:4 |     409 |       0 |   0.0 |      17 |       0 |   0.0
        D:5 |     416 |      44 |   9.6 |      26 |       1 |   3.7
        D:6 |     435 |     825 |  65.5 |      12 |      23 |  65.7
        D:7 |    1497 |       0 |   0.0 |      37 |       0 |   0.0
        D:8 |     974 |       1 |   0.1 |       8 |       1 |  11.1
        D:9 |    3441 |       0 |   0.0 |      31 |       0 |   0.0
       D:10 |    1489 |     539 |  26.6 |      15 |       5 |  25.0
       D:11 |    4851 |       0 |   0.0 |      50 |       0 |   0.0
            +---------+---------+-------+---------+---------+-------
